 Dungeon Crawl Stone Soup version 0.27.1-35-g4d5d836560 (webtiles) character file.

Game seed: 5306291939013381232

1 Delamore the Sneak (level 1, -1/14 HPs)
             Began as an Octopode Brigand on Mar 15, 2022.
             Slain by a goblin (5 damage)
             ... on level 1 of the Dungeon.
             The game lasted 00:00:06 (22 turns).

Delamore the Sneak (Octopode Brigand)                 Turns: 22, Time: 00:00:06

Health: -1/14      AC:  1    Str: 10    XL:     1   Next: 20%
Magic:  1/1        EV: 12    Int: 13    God:
Gold:   0          SH:  0    Dex: 13    Spells: 0/0 levels left

rFire    . . .     SeeInvis .   a - +2 dagger
rCold    . . .     Faith    .   (no shield)
rNeg     . . .     Spirit   .   (helmet restricted)
rPois    .         Reflect  .   (no amulet)
rElec    .         Harm     .   (no ring)
rCorr    .         Rampage  .   (no ring)
Will     .....                  (no ring)
Stlth    ++++......             (no ring)
HPRegen  0.04/turn              (no ring)
MPRegen  0.07/turn              (no ring)
                                (no ring)
                                (no ring)

@: no status effects
A: almost no armour, amphibious, 8 rings, camouflage 1, gelatinous body 1,
(nimble swimmer 1), tentacles
a: no special abilities


You were on level 1 of the Dungeon.
You visited 1 branch of the dungeon, and saw 1 of its levels.

Inventory:

Hand Weapons
 a - a +2 dagger (weapon)
Missiles
 b - 8 poisoned darts (quivered)
 c - 2 curare-tipped darts
Potions
 d - a potion of lignification {unknown}


   Skills:
 - Level 2.0 Fighting
 + Level 2.0 Short Blades
 - Level 2.0 Throwing
 - Level 1.0 Dodging
 * Level 5.4 Stealth


You couldn't memorise any spells.
You didn't know any spells.
Your spell library was empty.

Dungeon Overview and Level Annotations

Branches:
Dungeon (1/15)

Altars:


Innate Abilities, Weirdness & Mutations

You cannot wear most types of armour.
You are amphibious.
You can wear up to eight rings at the same time.
Your skin changes colour to match your surroundings (Stealth+).
Your rubbery body absorbs attacks. (AC +1, EV +1)
((You are camouflaged near water. (Stealth+)))
You have tentacles for arms and can constrict up to eight enemies at once.


Message History

Found a staircase leading out of the dungeon.
You open the door.
There is an open door here.
Found a smoky sapphire potion.
d - a smoky sapphire potion A ball python comes into view.
A ball python is nearby!
A dart slug comes into view.
A goblin comes into view. It is wielding a +0 club.
The ball python hisses angrily.
The goblin shouts!
The dart slug launches a dart at you. The slug dart hits you.
You hear an angry hiss.
You barely miss the ball python. You grab the ball python.
You constrict the ball python. The ball python misses you.
The ball python grabs you. The ball python constricts you.
You hit the ball python. You squeeze the ball python.
You kill the ball python!
A frilled lizard comes into view.
You closely miss the goblin. You grab the goblin. You constrict the goblin.
The goblin hits you with a +0 club.
* * * LOW HITPOINT WARNING * * *
You are too injured to fight recklessly!
You are too injured to fight recklessly!
You are too injured to fight recklessly!
You are too injured to fight recklessly!
You are too injured to fight recklessly!
You are too injured to fight recklessly!
You are too injured to fight recklessly!
You are too injured to fight recklessly!
You are too injured to fight recklessly!
You are too injured to fight recklessly!
You are too injured to fight recklessly!
You are too injured to fight recklessly!
You barely miss the dart slug. You grab the dart slug.
You squeeze the dart slug.
The dart slug is severely wounded.
You constrict the goblin. You constrict the dart slug.
The goblin hits you with a +0 club.
You die...

. .... #. ... ##.#...
...l... ## #.#.#. ..#
##.....#####.#
.............# ###
#.....g@###..# +.#
#.....w..##..####.#.#
#.................#.#
.#.....####..######.#
#.#.... #........#.##
##.###. #.######.'.<#
## #. #.# ###.## #.
#.# #.# #.# #.#


You could see a dart slug, a goblin and a frilled lizard.

Vanquished Creatures
  A ball python (D:1)
1 creature vanquished.

Notes
Turn   | Place    | Note
-------+----------+-------------------------------------------
     0 | D:1      | Delamore the Octopode Brigand began the quest for the Orb.
     0 | D:1      | Reached XP level 1. HP: 14/14 MP: 1/1
    22 | D:1      | Slain by a goblin

Illustrated notes

Levels and vault maps discovered:
D:1:      minmay_arrival_three_doors, layout_loops_ring,
          chequers_ecumenical_altar_simple

Action                   || total
-------------------------++-------
Melee: Dagger            ||     4
       Constrict         ||     3
       Tentacles         ||     2
Dodge: Dodged            ||     1
